[Event "Turkey IS Bank Super League 2017"]
[Site "Darica-Kocaeli"]
[Date "2017.07.27"]
[Round "2.5"]
[White "Osmak, Iulija"]
[Black "Yildiz, Betul Cemre"]
[Result "0-1"]
[ECO "C90"]
[WhiteElo "2353"]
[BlackElo "2326"]
[Annotator "RC"]
[PlyCount "150"]
[EventType "team-tourn"]
[EventCountry "TUR"]
[SourceTitle "playchess.com"]
[Source "ChessBase"]
[SourceQuality "1"]
[TimeControl "40/5400+30:1800+30"]

1. e4 e5 2. Nf3 Nc6 3. Bb5 a6 4. Ba4 Nf6 5. O-O Be7 6. Re1 b5 7. Bb3 d6 8. a4 Bg4 9. c3 O-O 10. h3 Bxf3 11. Qxf3 Na5 12. Bc2 b4 13. d4 c5 14. d5 Nd7 15. Qg4 Rb8 16. Bh6 Bf6 17. Nd2 bxc3 18. bxc3 Qc7 19. Reb1 Rb6 20. Rxb6 Nxb6 21. Be3 Nbc4 22. Nxc4 Nxc4 23. Bc1 Na5 24. Qe2 Ra8 25. g3 Qc8 26. Rb1 Bd8 27. Kg2 Bc7 28. Bd3 Bd8 29. Qg4 Qc7 30. h4 Ra7 31. h5 c4 32. Bc2 Rb7 33. Bh6 f6 34. Rxb7 Nxb7 35. Bc1 Nc5 36. Ba3 Be7 37. h6 g6 38. Bd1 Nd3 39. a5 Kf8 40. Ba4 Qd8 41. Bc6 Qc7 42. Kf1 Qd8 43. Bb4 Nc1 44. Bb7 Nb3 45. Bxa6 Nxa5 46. Bb5 Nb3 47. Kg2 Qc7 48. Qe2 Kf7 49. Bxc4 Nc5 50. Bb5 Qc8 51. f3 Bf8 52. Qa2 Bxh6 53. Qa7+ Kg8 54. Qe7 Qf8 55. Qc7 Be3 56. Bd7 Kh8 57. Be6 h6 58. Ba5 Nd3 59. Qc4 Ne1+ 60. Kf1 Nxf3 61. Ke2 Nd2 62. Qd3 Nb3 63. Bc7 Nc1+ 64. Kxe3 Nxd3 65. Kxd3 f5 66. c4 Qe7 67. Bb8 Qd8 68. Ba7 Qa5 69. Be3 Qa3+ 70. Ke2 Qa2+ 71. Kf3 fxe4+ 72. Kxe4 Qxc4+ 73. Kf3 Qf1+ 74. Bf2 e4+ 75. Ke3 Qd3+ 0-1

[Event "Turkey IS Bank Super League 2017"]
[Site "Darica-Kocaeli"]
[Date "2017.07.27"]
[Round "2.7"]
[White "Ozenir, Ekin Baris"]
[Black "Ozen, Bahadir"]
[Result "1-0"]
[ECO "A42"]
[WhiteElo "2098"]
[BlackElo "2315"]
[Annotator "NA"]
[PlyCount "109"]
[EventType "team-tourn"]
[EventCountry "TUR"]
[SourceTitle "playchess.com"]
[Source "ChessBase"]
[SourceQuality "1"]
[TimeControl "40/5400+30:1800+30"]

1. d4 g6 2. e4 Bg7 3. c4 d6 4. Nc3 e5 5. d5 Nd7 6. Be3 Bh6 7. Bxh6 Nxh6 8. h4 $11 (8. Qd2 $5 Ng4 9. Nf3 $14) 8... Ng8 9. h5 Ngf6 10. hxg6 fxg6 11. Qd2 Nc5 12. Bd3 Bd7 13. Bc2 a5 14. Nge2 O-O 15. f3 a4 16. Qh6 Qe7 17. O-O c6 18. Ng3 a3 19. b4 Na6 20. Rab1 c5 21. bxc5 Nxc5 22. Rb4 Rfc8 23. Rfb1 Rf8 24. Nd1 Ne8 25. Nf2 Nc7 26. Ne2 Rfb8 27. Nc3 Be8 28. Ng4 Bd7 29. Nf2 Rc8 30. Rb6 Ra6 31. Rxa6 N7xa6 32. Qc1 h5 33. Qxa3 g5 34. Qc1 Qf6 35. Qe3 Kf7 36. Ne2 Nc7 37. Ng3 Qf4 38. Qxf4+ gxf4 39. Nf5 Bxf5 40. exf5 b5 41. cxb5 Nxd5 42. Ne4 Nxe4 43. Bxe4 Nc3 44. Rb3 Na4 45. b6 Rb8 46. b7 Nc5 47. Bd5+ Kf6 48. Ra3 Kxf5 49. Ra8 Rxb7 50. Bxb7 Nxb7 51. a4 Ke6 52. a5 Nc5 53. a6 Kd5 54. a7 h4 55. Rh8 1-0

[Event "Turkey IS Bank Super League 2017"]
[Site "Darica-Kocaeli"]
[Date "2017.07.27"]
[Round "2.8"]
[White "Incecik, Seyma Zeynep"]
[Black "Onur, Cigdem"]
[Result "1-0"]
[ECO "D04"]
[WhiteElo "1804"]
[BlackElo "1699"]
[Annotator "NA"]
[PlyCount "117"]
[EventType "team-tourn"]
[EventCountry "TUR"]
[SourceTitle "playchess.com"]
[Source "ChessBase"]
[SourceQuality "1"]
[TimeControl "40/5400+30:1800+30"]

1. b3 Nf6 2. Bb2 g6 3. c4 Bg7 4. Nf3 O-O 5. e3 c5 6. Be2 Nc6 7. O-O $11 d5 8. d4 Ne4 9. Nbd2 e6 10. Rc1 Re8 11. Qc2 Nb4 12. Qb1 Nxd2 13. Nxd2 cxd4 14. Bxd4 Bxd4 15. exd4 Qa5 16. a4 e5 17. Nf3 Bf5 18. Qb2 exd4 19. Nxd4 Nd3 20. Qc3 Qxc3 21. Rxc3 Nf4 22. Bf3 Bd3 23. Rd1 dxc4 24. g3 Nh3+ 25. Kg2 Ng5 26. Bxb7 Rad8 27. bxc4 Be4+ 28. Bxe4 Nxe4 29. Re3 Nc5 30. Nc6 Rxd1 31. Rxe8+ Kg7 32. Re7 Rd6 33. Nxa7 Nxa4 34. Rc7 Kf6 35. c5 Rd8 36. Nb5 Rd5 37. Nd6 Ke6 38. Nxf7 Nxc5 39. h4 Nd7 40. Ng5+ Kd6 41. Ra7 h5 42. Ra6+ Ke5 43. Rxg6 Nf6 44. Nh3 Kf5 45. Rh6 Rd2 46. Nf4 Rxf2+ 47. Kxf2 Ng4+ 48. Kf3 Nxh6 49. Nxh5 Kg6 50. g4 Ng8 51. Ke4 Ne7 52. Nf4+ Kg7 53. g5 Ng8 54. h5 Kh7 55. Nd5 Kg7 56. Kf5 Kh8 57. Ke6 Kg7 58. Ne7 Nh6 59. Nf5+ 1-0

[Event "Turkey IS Bank Super League 2017"]
[Site "Darica-Kocaeli"]
[Date "2017.07.27"]
[Round "2.12"]
[White "Sevgi, Volkan"]
[Black "Citak, Selim"]
[Result "1/2-1/2"]
[ECO "A38"]
[WhiteElo "2199"]
[BlackElo "2306"]
[Annotator "NA"]
[PlyCount "33"]
[EventType "team-tourn"]
[EventCountry "TUR"]
[SourceTitle "playchess.com"]
[Source "ChessBase"]
[SourceQuality "1"]
[TimeControl "40/5400+30:1800+30"]

1. Nf3 Nf6 2. g3 c5 3. Bg2 Nc6 4. c4 g6 5. O-O Bg7 6. d4 cxd4 7. Nxd4 O-O 8. Nc3 Qa5 9. Nc2 d6 10. Nd5 Nxd5 11. cxd5 $11 {[%emt 0:00:00] [%clk 1:11] LiveBook: 24 Games} Ne5 12. Bd2 Qb6 13. Bc3 Bd7 14. Bd4 Qa5 15. Bc3 Qb6 16. Bd4 Qa5 17. Bc3 1/2-1/2

[Event "Turkey IS Bank Super League 2017"]
[Site "Darica-Kocaeli"]
[Date "2017.07.27"]
[Round "2.14"]
[White "Gulden, Egemen"]
[Black "Yurtseven, Melih"]
[Result "0-1"]
[ECO "B23"]
[WhiteElo "2044"]
[BlackElo "2353"]
[Annotator "NA"]
[PlyCount "56"]
[EventType "team-tourn"]
[EventCountry "TUR"]
[SourceTitle "playchess.com"]
[Source "ChessBase"]
[SourceQuality "1"]
[TimeControl "40/5400+30:1800+30"]

1. e4 e6 2. Nc3 d5 3. g3 Nf6 4. Bg2 dxe4 5. Nxe4 Nxe4 6. Bxe4 c5 7. d3 Nc6 8. Ne2 Be7 9. Be3 e5 10. h3 $11 Be6 11. Qd2 Qd7 12. f4 O-O 13. fxe5 Nxe5 14. Nf4 Rad8 15. Qg2 b6 16. O-O f5 17. Bb7 Bf7 18. c4 Bg5 19. b3 Rfe8 20. Bf2 Re7 21. Bd5 Bxf4 22. gxf4 Bxd5 23. cxd5 Ng6 24. d4 cxd4 25. Bxd4 Qxd5 26. Qxd5+ Rxd5 27. Bf2 Nxf4 28. Bh4 Re4 0-1

[Event "Turkey IS Bank Super League 2017"]
[Site "Darica-Kocaeli"]
[Date "2017.07.27"]
[Round "2.15"]
[White "Unat, Can Haktan"]
[Black "Kamer, Kayra"]
[Result "1/2-1/2"]
[ECO "B41"]
[WhiteElo "2006"]
[BlackElo "2062"]
[Annotator "NA"]
[PlyCount "245"]
[EventType "team-tourn"]
[EventCountry "TUR"]
[SourceTitle "playchess.com"]
[Source "ChessBase"]
[SourceQuality "1"]
[TimeControl "40/5400+30:1800+30"]

1. e4 c5 2. Nf3 e6 3. d4 cxd4 4. Nxd4 a6 5. c4 Nf6 6. Nc3 Qc7 $14 7. Be2 Nc6 8. Be3 Bb4 9. O-O Bxc3 10. bxc3 Nxe4 11. Bf3 Nf6 12. Nxc6 bxc6 13. Bc5 d5 14. Re1 Bb7 15. Rb1 Nd7 16. Ba3 O-O-O 17. cxd5 cxd5 18. c4 Ne5 19. cxd5 Bxd5 20. Bxd5 Rxd5 21. Qa4 Ra5 22. Qe4 Rxa3 23. Qa8+ Kd7 24. Rbd1+ Ke7 25. Qxh8 Ng4 26. Qxh7 Rxa2 27. Qh4+ Nf6 28. Qb4+ Ke8 29. Rc1 Qa7 30. Qf4 Nd5 31. Qf3 Rd2 32. Rc8+ Ke7 33. Qg3 Qd4 34. Qa3+ Kf6 35. Qf3+ Qf4 36. Qxf4+ Nxf4 37. h3 Nd3 38. Re3 Ne5 39. Rc5 Nd7 40. Ra5 Rd6 41. Rea3 Nb8 42. Rb3 Nd7 43. Rb7 Ne5 44. Kh2 Rd2 45. Kg3 Nd3 46. Rb3 Kg6 47. Rb1 Nxf2 48. Rxa6 Ne4+ 49. Kh2 Re2 50. Rf1 Nd2 51. Rf4 f5 52. Ra7 e5 53. Ra6+ Kg5 54. Rb4 Nf3+ 55. Kg3 Ne1 56. h4+ Kh5 57. Rb8 Rxg2+ 58. Kh3 Rg6 59. Rh8+ Rh6 60. Rhxh6+ gxh6 61. Rf6 Nd3 62. Rxf5+ Kg6 63. Rf8 Nf4+ 64. Kg4 h5+ 65. Kf3 Ne6 66. Rh8 Nd4+ 67. Ke4 Nf5 68. Rg8+ Kf7 69. Rg5 Nxh4 70. Rxh5 Ng6 71. Kf5 Ne7+ 72. Kxe5 Ng6+ 73. Kf5 Ne7+ 74. Kf4 Kf6 75. Rh6+ Ng6+ 76. Kg4 Kf7 77. Kg5 Ne7 78. Rd6 Ng8 79. Ra6 Ne7 80. Rf6+ Ke8 81. Rh6 Kd7 82. Kf4 Nc6 83. Ke4 Ne7 84. Ke5 Nc6+ 85. Kd5 Ne7+ 86. Kc5 Nf5 87. Rf6 Ne7 88. Rd6+ Ke8 89. Rd1 Kf7 90. Kd6 Ng6 91. Rf1+ Kg7 92. Kd5 Ne7+ 93. Ke6 Ng6 94. Rg1 Kh6 95. Kf6 Nh4 96. Rg5 Nf3 97. Rg3 Nh4 98. Rg8 Kh5 99. Rg5+ Kh6 100. Ra5 Nf3 101. Kf5 Nh4+ 102. Kg4 Ng6 103. Ra7 Ne5+ 104. Kf5 Nf3 105. Ra4 Kh5 106. Kf4 Nh4 107. Ra5+ Kh6 108. Rg5 Ng6+ 109. Kf5 Nh4+ 110. Kf6 Nf3 111. Rd5 Nh4 112. Rd8 Kh5 113. Rg8 Nf3 114. Kf5 Nh4+ 115. Ke4 Ng6 116. Rd8 Kg5 117. Rd5+ Kf6 118. Rd6+ Kg5 119. Re6 Nf8 120. Re5+ Kf6 121. Rf5+ Ke7 122. Kd5 Nd7 123. Rg5 1/2-1/2

[Event "Turkey IS Bank Super League 2017"]
[Site "Darica-Kocaeli"]
[Date "2017.07.27"]
[Round "2.16"]
[White "Yurdakul, Didem Nuray"]
[Black "Sade, Defne"]
[Result "1-0"]
[ECO "C54"]
[WhiteElo "1697"]
[BlackElo "1654"]
[Annotator "NA"]
[PlyCount "67"]
[EventType "team-tourn"]
[EventCountry "TUR"]
[SourceTitle "playchess.com"]
[Source "ChessBase"]
[SourceQuality "1"]
[TimeControl "40/5400+30:1800+30"]

1. e4 e5 2. Nf3 Nc6 3. d4 exd4 4. Bc4 Bc5 5. c3 Nf6 6. e5 d5 7. Bb5 Ne4 8. cxd4 Bb4+ 9. Bd2 Nxd2 10. Nbxd2 Bd7 11. Bxc6 Bxc6 12. O-O O-O 13. a3 Be7 14. Re1 Qd7 15. Qb3 Rae8 16. Rac1 Kh8 17. Qc3 Qe6 18. Nb3 f5 19. Na5 Rb8 20. Nxc6 bxc6 21. Qxc6 Qxc6 22. Rxc6 Rb7 23. Rec1 Rfb8 24. Rxc7 Rxc7 25. Rxc7 Bxa3 26. Rxa7 Bxb2 27. g3 g5 28. Nxg5 Bxd4 29. Rxh7+ Kg8 30. Rd7 Rb2 31. Rd8+ Kg7 32. Ne6+ Kf7 33. Nxd4 Rb1+ 34. Kg2 1-0

[Event "Turkey IS Bank Super League 2017"]
[Site "Darica-Kocaeli"]
[Date "2017.07.27"]
[Round "2.20"]
[White "Soylu, Suat"]
[Black "Karagollu, Ahmet"]
[Result "1/2-1/2"]
[ECO "C68"]
[WhiteElo "2348"]
[BlackElo "2083"]
[Annotator "NA"]
[PlyCount "68"]
[EventType "team-tourn"]
[EventCountry "TUR"]
[SourceTitle "playchess.com"]
[Source "ChessBase"]
[SourceQuality "1"]
[TimeControl "40/5400+30:1800+30"]

1. e4 Nc6 2. Nf3 e5 3. Bb5 a6 4. Bxc6 dxc6 5. O-O Bg4 6. h3 h5 7. d3 Qf6 8. Be3 Bxf3 9. Qxf3 Qxf3 10. gxf3 Bd6 11. Nd2 Ne7 12. Rfb1 f6 13. b4 Kf7 14. Kf1 Ng6 15. Ke2 Nf8 16. c3 Ne6 17. a4 Rhd8 18. Nb3 b6 19. Ra2 c5 20. bxc5 Bxc5 21. Nxc5 bxc5 22. Rab2 Rd6 23. Rb8 Rxb8 24. Rxb8 Rb6 25. Ra8 Kg6 26. a5 Rd6 27. Rb8 Kf7 28. Rb1 Ke7 29. Rb8 Rd8 30. Rb7 Ra8 31. Rb1 Kd6 32. Kd2 Kc6 33. Kc2 Rf8 34. Kd2 Re8 1/2-1/2

[Event "Turkey IS Bank Super League 2017"]
[Site "Darica-Kocaeli"]
[Date "2017.07.27"]
[Round "2.21"]
[White "Karavade, Eesha"]
[Black "Mammadova, Gulnar"]
[Result "1/2-1/2"]
[ECO "D10"]
[WhiteElo "2397"]
[BlackElo "2357"]
[Annotator "NA"]
[PlyCount "67"]
[EventType "team-tourn"]
[EventCountry "TUR"]
[SourceTitle "playchess.com"]
[Source "ChessBase"]
[SourceQuality "1"]
[TimeControl "40/5400+30:1800+30"]

1. d4 d5 2. c4 c6 3. cxd5 cxd5 4. Bf4 Nc6 5. e3 Nf6 6. Nc3 Bf5 7. Qb3 Na5 8. Qa4+ Bd7 9. Qc2 e6 10. Bd3 Be7 11. Nf3 Rc8 12. O-O {[%emt 0:00:00] LiveBook: 48 Games} O-O 13. Ne5 a6 14. Rac1 Bb5 $11 15. Bxb5 axb5 16. Qe2 b4 17. Na4 Nc4 18. b3 Nxe5 19. Bxe5 Qa5 20. Bxf6 Bxf6 21. Qd2 Be7 22. Rxc8 Rxc8 23. Rc1 Rc7 24. Rc2 g6 25. g3 Bd6 26. Qc1 Kf8 27. Rxc7 Qxc7 28. Qxc7 Bxc7 29. Nc5 b6 30. Nd3 Bd6 31. Kg2 f6 32. f3 Kf7 33. e4 f5 34. e5 1/2-1/2

[Event "Turkey IS Bank Super League 2017"]
[Site "Darica-Kocaeli"]
[Date "2017.07.27"]
[Round "2.22"]
[White "Agdelen, Huseyin Can"]
[Black "Samani, Yamac"]
[Result "1/2-1/2"]
[ECO "B00"]
[WhiteElo "2309"]
[BlackElo "2263"]
[Annotator "NA"]
[PlyCount "60"]
[EventType "team-tourn"]
[EventCountry "TUR"]
[SourceTitle "playchess.com"]
[Source "ChessBase"]
[SourceQuality "1"]
[TimeControl "40/5400+30:1800+30"]

1. e4 b6 2. d4 Bb7 3. Nd2 e6 4. Ngf3 c5 5. c3 Nf6 6. Bd3 cxd4 7. cxd4 Ba6 8. Bxa6 Nxa6 9. O-O Be7 10. Qe2 Nc7 11. b3 d5 12. e5 Nd7 13. Bb2 Qc8 14. Rfc1 Qb7 15. Rc3 O-O 16. a3 Rfc8 17. Rac1 Na6 $11 18. Rxc8+ Rxc8 19. Rxc8+ Qxc8 20. Qd3 Qb7 21. Qc2 g6 22. Ne1 Nc7 23. Nd3 a5 24. Kf1 Kf8 25. Ke2 Ke8 26. Kd1 Kd8 27. Kc1 Kc8 28. Kb1 Kb8 29. Ka2 Bf8 30. g3 Ka7 1/2-1/2

[Event "Turkey IS Bank Super League 2017"]
[Site "Darica-Kocaeli"]
[Date "2017.07.27"]
[Round "2.23"]
[White "Tarlabasi, Emirhan"]
[Black "Tasdogen, Dincer"]
[Result "1-0"]
[ECO "B00"]
[WhiteElo "2046"]
[BlackElo "2215"]
[Annotator "NA"]
[PlyCount "69"]
[EventType "team-tourn"]
[EventCountry "TUR"]
[SourceTitle "playchess.com"]
[Source "ChessBase"]
[SourceQuality "1"]
[TimeControl "40/5400+30:1800+30"]

1. d4 d6 2. e4 Nc6 3. Be3 g6 4. d5 Nb8 5. c4 Bg7 6. Nc3 c6 7. f3 Nd7 8. Nge2 h5 9. Nc1 c5 10. Nd3 Rb8 11. Be2 a6 12. a4 Bh6 13. Bxh6 Nxh6 14. Qd2 Ne5 15. Nf2 Kf8 16. h3 f6 17. f4 Nef7 18. Nd3 h4 19. Rf1 Rg8 20. O-O-O Qa5 21. b3 Kg7 22. Kc2 Bd7 23. Ra1 Qc7 24. Ne1 f5 25. Nf3 fxe4 26. Nxh4 Nf5 27. Nxf5+ gxf5 28. g4 Nh6 29. g5 Nf7 30. h4 e5 31. h5 exf4 32. Qxf4 Ne5 33. Nxe4 fxe4 34. Qf6+ Kh7 35. Qh6# 1-0

[Event "Turkey IS Bank Super League 2017"]
[Site "Darica-Kocaeli"]
[Date "2017.07.27"]
[Round "2.24"]
[White "Celik, Eda"]
[Black "Yassibag, Ipek Asli"]
[Result "0-1"]
[ECO "B01"]
[WhiteElo "1939"]
[BlackElo "1880"]
[Annotator "NA"]
[PlyCount "132"]
[EventType "team-tourn"]
[EventCountry "TUR"]
[SourceTitle "playchess.com"]
[Source "ChessBase"]
[SourceQuality "1"]
[TimeControl "40/5400+30:1800+30"]

1. e4 d5 2. exd5 Nf6 3. d4 Bg4 4. f3 Bf5 5. g4 Bg6 6. c4 e6 7. Nc3 $14 Qe7 (7... exd5 $14 8. g5 Nfd7) 8. g5 Nfd7 9. Nge2 Nb6 10. Qb3 Bd3 11. c5 Bc4 12. Qc2 Bxe2 13. Bxe2 Nxd5 14. Qb3 c6 15. Nxd5 exd5 16. Bf4 Qd7 17. h4 Be7 18. Kf2 O-O 19. Bd3 Bd8 20. Qc2 g6 21. Be5 f6 22. gxf6 Bxf6 23. Bxf6 Rxf6 24. Rag1 Na6 25. a3 Raf8 26. Rg3 Qf7 27. Rhh3 Qe6 28. Kg2 R8f7 29. h5 Rg7 30. hxg6 hxg6 31. Rh6 Kf7 32. Qd2 Nc7 33. Qg5 Ne8 34. f4 Qe1 35. f5 Kg8 36. fxg6 Rf2+ 37. Kh3 Qh1+ 38. Kg4 Qd1+ 39. Kh3 Nf6 40. Kh4 Rh2+ 41. Rh3 Rxh3+ 42. Kxh3 Qxd3+ 43. Kg2 Qe2+ 44. Kg1 Qg4+ 45. Qxg4 Nxg4 46. Rh3 Rxg6 47. Rb3 Rg7 48. Kf1 Nf6 49. Ke2 Ne4 50. a4 Kf8 51. a5 a6 52. Rb6 Ke8 53. Kf3 Nd2+ 54. Kf4 Rf7+ 55. Kg5 Nc4 56. Rb3 Nxa5 57. Re3+ Re7 58. Rh3 Nc4 59. b3 Nd2 60. Rh8+ Kd7 61. Rb8 Kc7 62. Rh8 Nxb3 63. Kf6 Rd7 64. Ke5 Re7+ 65. Kf6 Re4 66. Rh7+ Kb8 0-1

[Event "Turkey IS Bank Super League 2017"]
[Site "Darica-Kocaeli"]
[Date "2017.07.27"]
[Round "2.28"]
[White "Atakisi, Umut"]
[Black "Yaran, Siar"]
[Result "1/2-1/2"]
[ECO "A53"]
[WhiteElo "2373"]
[BlackElo "2253"]
[Annotator "RC"]
[PlyCount "135"]
[EventType "team-tourn"]
[EventCountry "TUR"]
[SourceTitle "playchess.com"]
[Source "ChessBase"]
[SourceQuality "1"]
[TimeControl "40/5400+30:1800+30"]

1. Nf3 Nf6 2. c4 d6 3. d4 Bf5 4. g3 c6 5. Nc3 h6 6. Bg2 e6 7. O-O Be7 8. d5 e5 9. Ne1 O-O 10. dxc6 Nxc6 11. Nc2 Qd7 12. b3 Rab8 13. Ne3 Be6 14. Ned5 Bxd5 15. Nxd5 b5 16. Nxe7+ Nxe7 17. cxb5 Rxb5 18. Ba3 d5 19. Qd2 Rd8 20. Rfd1 d4 21. e3 Nf5 22. e4 Nd6 23. f3 Rb6 24. Bf1 Rc8 25. Qa5 Nb5 26. Bb4 Qb7 27. Rac1 Nc3 28. Bxc3 Rxc3 29. Rxc3 dxc3 30. Qxe5 Rc6 31. Qd4 Nd7 32. Bc4 Qb6 33. Qxb6 Nxb6 34. Bd3 a5 35. Kf2 a4 36. Bb5 axb3 37. axb3 c2 38. Rc1 Rc3 39. b4 h5 40. Ke2 Nc4 41. Bxc4 Rxc4 42. h4 g6 43. Ke3 Kg7 44. b5 Rb4 45. Rxc2 Rxb5 46. Rc3 Ra5 47. Rd3 Rb5 48. f4 Rb4 49. Kf3 Ra4 50. Re3 Kf6 51. Rd3 Kg7 52. e5 Kf8 53. g4 hxg4+ 54. Kxg4 Ra1 55. f5 gxf5+ 56. Kxf5 Rf1+ 57. Kg4 Re1 58. Kf4 Rh1 59. Kg5 Re1 60. Kh6 Rxe5 61. h5 Ke7 62. Rh3 Kf6 63. Kh7 Kg5 64. h6 f5 65. Rg3+ Kf6 66. Rg6+ Kf7 67. Rg7+ Kf6 68. Rg6+ 1/2-1/2

[Event "Turkey IS Bank Super League 2017"]
[Site "Darica-Kocaeli"]
[Date "2017.07.27"]
[Round "2.29"]
[White "Isgandarova, Khayala"]
[Black "Ozturk, Kubra"]
[Result "1/2-1/2"]
[ECO "C95"]
[WhiteElo "2257"]
[BlackElo "2298"]
[Annotator "NA"]
[PlyCount "88"]
[EventType "team-tourn"]
[EventCountry "TUR"]
[SourceTitle "playchess.com"]
[Source "ChessBase"]
[SourceQuality "1"]
[TimeControl "40/5400+30:1800+30"]

1. e4 e5 2. Nf3 Nc6 3. Bb5 a6 4. Ba4 Nf6 5. O-O b5 6. Bb3 Be7 7. Re1 d6 8. c3 O-O 9. h3 Nb8 10. d4 Nbd7 11. Nbd2 Bb7 12. Bc2 Re8 13. Nf1 Bf8 14. Ng3 g6 {[%emt 0:07:30] LiveBook: 2041 Games} 15. Bg5 $14 h6 16. Bd2 Bg7 17. Nh2 d5 18. exd5 exd4 19. Rxe8+ Qxe8 20. cxd4 Bxd5 21. Bf4 c5 22. Qd2 h5 23. Bh6 Bxh6 24. Qxh6 cxd4 25. Nf3 Bxf3 26. gxf3 Ne5 27. Nf5 Qf8 28. Qf4 Re8 29. Nxd4 Nd5 30. Qg3 Qc5 31. Rd1 Nb4 32. Bb3 Rd8 33. f4 Nc4 34. f5 Rxd4 35. Qb8+ Kh7 36. Rxd4 Qxd4 37. Qf8 Ne5 38. Bxf7 Nf3+ 39. Kh1 Qd1+ 40. Kg2 Nh4+ 41. Kh2 Nf3+ 42. Kg2 Nh4+ 43. Kh2 Nf3+ 44. Kg2 Nh4+ 1/2-1/2

[Event "Turkey IS Bank Super League 2017"]
[Site "Darica-Kocaeli"]
[Date "2017.07.27"]
[Round "2.32"]
[White "Arda, Cagil Irmak"]
[Black "Ayan, Bengu Sena"]
[Result "1/2-1/2"]
[ECO "D00"]
[WhiteElo "2080"]
[BlackElo "1862"]
[Annotator "NA"]
[PlyCount "69"]
[EventType "team-tourn"]
[EventCountry "TUR"]
[SourceTitle "playchess.com"]
[Source "ChessBase"]
[SourceQuality "1"]
[TimeControl "40/5400+30:1800+30"]

1. d4 d5 2. Bf4 Nf6 3. e3 c5 4. c3 Qb6 5. Qb3 c4 {[%emt 0:02:30] LiveBook: 33 Games} 6. Qc2 Nc6 7. Nd2 g6 8. f3 $17 (8. e4 $14 {stays ahead.}) 8... e5 9. Bg5 Bg7 10. e4 exd4 11. exd5 d3 12. Nxc4 dxc2 13. Nxb6 axb6 14. dxc6 bxc6 15. Bd3 Ba6 16. Bxa6 Rxa6 17. Kd2 Ra5 18. Nh3 O-O 19. Kxc2 Re8 20. Rhd1 Nd5 21. Rd3 b5 22. Kb3 b4 23. cxb4 Rb8 24. Bd2 Nxb4 25. Bxb4 Bf8 26. Rd4 c5 27. Rc4 cxb4 28. Rd1 Rba8 29. Nf4 Rxa2 30. Nd3 R2a7 31. Nxb4 Rb7 32. Rdd4 Rab8 33. h3 Bg7 34. Rd2 Bf8 35. Rdd4 1/2-1/2

[Event "Turkey IS Bank Super League 2017"]
[Site "Darica-Kocaeli"]
[Date "2017.07.27"]
[Round "2.39"]
[White "Ozates, Tuna"]
[Black "Kesgin, Halit Kaan"]
[Result "1/2-1/2"]
[ECO "C06"]
[WhiteElo "2291"]
[BlackElo "2207"]
[Annotator "NA"]
[PlyCount "117"]
[EventType "team-tourn"]
[EventCountry "TUR"]
[SourceTitle "playchess.com"]
[Source "ChessBase"]
[SourceQuality "1"]
[TimeControl "40/5400+30:1800+30"]

1. e4 e6 2. d4 d5 3. Nd2 Nf6 4. e5 Nfd7 5. Bd3 c5 6. c3 Nc6 7. Ne2 cxd4 8. cxd4 f6 9. exf6 Nxf6 10. Nf3 Bd6 11. O-O Qc7 12. Bg5 $11 O-O 13. Bh4 e5 14. dxe5 Nxe5 15. Nxe5 Bxe5 16. Bg3 Bg4 17. Rc1 Qd6 18. Qb3 Bxe2 19. Bxe2 Bxg3 20. hxg3 b6 21. Bf3 Rac8 22. Rcd1 Rfd8 23. Rd4 Rc5 24. Rfd1 g5 25. Qe3 h6 26. b4 Rcc8 27. Bxd5+ Nxd5 28. Rxd5 Qf6 29. Qd3 Rf8 30. Qd2 Rc6 31. Rd7 a5 32. Qd5+ Kh8 33. Qe4 Qg6 34. Qe7 Re8 35. Rd8 Re6 36. Qd7 axb4 37. Qd4+ Qg7 38. Qxb4 Qf6 39. Rxe8+ Rxe8 40. Qb5 Rf8 41. Qe2 Rd8 42. Rb1 Kg7 43. Qe3 Rd6 44. Re1 Rd7 45. Rb1 Rd6 46. Re1 Rd7 47. a3 Qd4 48. Qxd4+ Rxd4 49. Re6 Rd1+ 50. Kh2 Ra1 51. Rxb6 Rxa3 52. f4 Ra4 53. f5 g4 54. Rc6 h5 55. Rg6+ Kh7 56. Rg5 Kh6 57. Rg6+ Kh7 58. Rg5 Kh6 59. Rg6+ 1/2-1/2

[Event "Turkey IS Bank Super League 2017"]
[Site "Darica-Kocaeli"]
[Date "2017.07.27"]
[Round "2.40"]
[White "Ayazmali, Gizem"]
[Black "Ozbay, Ece"]
[Result "1-0"]
[ECO "B48"]
[WhiteElo "1849"]
[BlackElo "1970"]
[Annotator "NA"]
[PlyCount "77"]
[EventType "team-tourn"]
[EventCountry "TUR"]
[SourceTitle "playchess.com"]
[Source "ChessBase"]
[SourceQuality "1"]
[TimeControl "40/5400+30:1800+30"]

1. e4 c5 2. Nf3 e6 3. d4 cxd4 4. Nxd4 Nc6 5. Nc3 Qc7 6. Be3 a6 7. Qf3 Nf6 8. O-O-O $11 Bb4 9. Nb1 O-O 10. a3 Ne5 11. Qe2 Bc5 12. Bg5 Be7 13. f4 Nc6 14. e5 Nd5 15. Bxe7 Ncxe7 16. Qf2 d6 17. exd6 Qxd6 18. g3 b5 19. Bg2 Bb7 20. f5 e5 21. Nb3 Rfd8 22. Nc3 Qh6+ 23. Qd2 Qb6 24. Nxd5 Nxd5 25. Qe2 f6 26. Rd2 Rd6 27. Rhd1 Rad8 28. Be4 b4 29. Qc4 Qc6 30. Qxc6 Bxc6 31. Na5 bxa3 32. bxa3 Nc3 33. Rxd6 Rxd6 34. Rxd6 Bxe4 35. Kb2 Nb5 36. Rxa6 Bxf5 37. a4 Nd4 38. Nc4 Nxc2 39. Nd6 1-0

[Event "Turkey IS Bank Super League 2017"]
[Site "Darica-Kocaeli"]
[Date "2017.07.27"]
[Round "2.46"]
[White "Arat, Ufuk Sezen"]
[Black "Gundogan, Cem"]
[Result "1-0"]
[ECO "A62"]
[WhiteElo "2400"]
[BlackElo "2062"]
[Annotator "ChessBase"]
[PlyCount "133"]
[EventType "team-tourn"]
[EventCountry "TUR"]
[SourceTitle "playchess.com"]
[Source "ChessBase"]
[SourceQuality "1"]
[TimeControl "40/5400+30:1800+30"]

1. d4 e6 2. c4 Nf6 3. g3 c5 4. d5 exd5 5. cxd5 d6 6. Nc3 g6 7. Bg2 Bg7 8. Nf3 O-O 9. O-O Re8 10. Bf4 Ne4 11. Nxe4 Rxe4 12. Nd2 Rxf4 13. gxf4 Bxb2 14. Rb1 Bg7 15. Re1 Na6 16. e4 Rb8 17. Bf1 Nc7 18. Nc4 Bd4 19. Na5 Nxd5 20. Nc6 bxc6 21. Rxb8 Nb6 22. e5 dxe5 23. fxe5 Qc7 24. Rxc8+ Qxc8 25. e6 fxe6 26. Qg4 e5 27. Qxc8+ Nxc8 28. Rb1 Nd6 29. Bg2 c4 30. Bxc6 c3 31. Kf1 Kg7 32. Ke2 Kf6 33. Kd3 Kg5 34. f3 Nf5 35. Rb7 h5 36. Be4 Kf6 37. Rc7 Kg5 38. a4 Nh4 39. Rc6 Nf5 40. a5 Nh4 41. a6 Bg1 42. Rc7 Bd4 43. Rg7 Kf4 44. Rg8 Kg5 45. Ke2 Kf6 46. Rf8+ Kg5 47. Kd3 Nf5 48. Rf7 Nd6 49. Rg7 Nf5 50. Bxf5 Kxf5 51. Rf7+ Ke6 52. Rf8 Bg1 53. h3 Ke7 54. Rg8 Kf7 55. Rc8 Kf6 56. Ke4 Kg5 57. Kxe5 Kh4 58. Rxc3 Kxh3 59. f4+ Kg2 60. Rc6 Bf2 61. Rxg6+ Bg3 62. Rxg3+ Kxg3 63. f5 h4 64. f6 h3 65. f7 h2 66. f8=Q h1=Q 67. Qf4+ 1-0

[Event "Turkey IS Bank Super League 2017"]
[Site "Darica-Kocaeli"]
[Date "2017.07.27"]
[Round "2.48"]
[White "Gundogan, Sinem Cagla"]
[Black "Kargaci, Humeyra"]
[Result "1-0"]
[ECO "C54"]
[WhiteElo "2000"]
[BlackElo "1737"]
[Annotator "NA"]
[PlyCount "117"]
[EventType "team-tourn"]
[EventCountry "TUR"]
[SourceTitle "playchess.com"]
[Source "ChessBase"]
[SourceQuality "1"]
[TimeControl "40/5400+30:1800+30"]

1. e4 e5 2. Nf3 Nc6 3. Bc4 Bc5 4. c3 Nf6 5. d3 a6 6. Bb3 d6 7. Nbd2 Ba7 8. h3 {[%emt 0:02:30] LiveBook: 458 Games} h6 9. Nf1 Be6 10. Bc2 d5 11. Qe2 Qd7 $11 12. Ng3 dxe4 13. dxe4 O-O 14. Nh4 Ne7 15. Qf3 Kh7 16. O-O Rad8 17. Nhf5 Nxf5 18. Nxf5 Bxf5 19. exf5 Qd5 20. Qe2 e4 21. Bf4 Qxf5 22. Bxc7 Rd7 23. g4 Qg5 24. Bg3 Re8 25. Rad1 Rde7 26. Kh2 Kg8 27. Rfe1 Qb5 28. Qxb5 axb5 29. a4 bxa4 30. Bxa4 Ra8 31. Bb3 Bb8 32. Rd8+ Re8 33. Rxe8+ Nxe8 34. Rxe4 Bxg3+ 35. Kxg3 Kf8 36. Rb4 Nd6 37. Bd5 Rb8 38. c4 Rc8 39. b3 Ke7 40. Bxb7 Rb8 41. c5 Nxb7 42. c6 Rc8 43. Rxb7+ Ke6 44. Rb6 Kd6 45. b4 Kc7 46. Rb7+ Kxc6 47. Rxf7 Rg8 48. Kf4 Kb5 49. Kf5 g6+ 50. Kf6 h5 51. g5 Kxb4 52. Rg7 Rf8+ 53. Kxg6 h4 54. Rf7 Ra8 55. Kh5 Rh8+ 56. Kg4 Kc5 57. f4 Kd6 58. f5 Ke5 59. g6 1-0